 Dungeon Crawl Stone Soup version 0.21.1-1-g345015fe64 (webtiles) character file.

66 NullDivider the Charlatan (level 3, 0/18 HPs)
             Began as a Spriggan Artificer on May 10, 2018.
             Slain by a hobgoblin
             ... wielding a +0 club
              (2 damage)
             ... on level 2 of the Dungeon.
             The game lasted 00:08:30 (2423 turns).

NullDivider the Charlatan (Spriggan Artificer)      Turns: 2423, Time: 00:08:30

Health: 0/18       AC:  2    Str:  8    XL:     3   Next: 96%
Magic:  7/7        EV: 19    Int: 12    God:
Gold:   176        SH:  0    Dex: 17    Spells: 2/2 levels left

rFire    . . .     SeeInvis +   a - +0 short sword
rCold    . . .     Gourm    .   (shield restricted)
rNeg     . . .     Faith    .   b - +0 robe
rPois    .         Spirit   .   (helmet restricted)
rElec    .         Reflect  .   n - scarf {repulsion}
rCorr    .         Harm     .   (gloves unavailable)
MR       .....                  (boots unavailable)
Stlth    ++........             (no amulet)
HPRegen  0.06/turn              (no ring)
MPRegen  0.10/turn              (no ring)

@: repel missiles, very quick
A: very small, unfitting armour, see invisible, herbivore, speed 3, slow
metabolism 2
a: no special abilities


You were on level 2 of the Dungeon.
You were not hungry.

You visited 1 branch of the dungeon, and saw 2 of its levels.

You collected 176 gold pieces.

Inventory:

Hand Weapons
 a - a +0 short sword (weapon)
 i - a +2 dagger of venom
 o - a +0 hunting sling of freezing
 u - a +2 short sword of holy wrath
Missiles
 h - 63 stones (quivered)
 m - 38 arrows
 r - 18 sling bullets
Armour
 b - a +0 robe (worn)
 n - a scarf of repulsion (worn)
Jewellery
 q - an uncursed ring of positive energy {unknown}
Wands
 c - a wand of flame (15)
 d - a wand of enslavement (15)
 e - a wand of random effects (3)
Scrolls
 j - a scroll of fog {unknown}
 k - a scroll of enchant armour {unknown}
 s - a scroll of blinking {unknown}
 t - a scroll of immolation {unknown}
Potions
 g - 3 potions of curing {unknown}
 l - 2 potions of resistance {unknown}
 p - a potion of cancellation {unknown}
Comestibles
 f - 5 rations


   Skills:
 * Level 1.8 Fighting
 * Level 2.3 Short Blades
 + Level 3.5 Dodging
 + Level 2.4 Stealth
 + Level 4.5 Evocations


You had 2 spell levels left.
You didn't know any spells.

Dungeon Overview and Level Annotations

Branches:
Dungeon (2/15)

Altars:
The Shining One


Innate Abilities, Weirdness & Mutations

You are very small and have problems with some larger weapons.
You are too small for most types of armour.
You have supernaturally acute eyesight. (SInv)
You are a herbivore.
You cover ground extremely quickly.
You need consume almost no food.


Message History

The hobgoblin is severely wounded.
You barely miss the hobgoblin.
The hobgoblin is heavily wounded.
The hobgoblin hits itself but does no damage.
You completely miss the hobgoblin.
The hobgoblin is heavily wounded.
The hobgoblin barely misses you.
You barely miss the hobgoblin.
The hobgoblin is heavily wounded.
The hobgoblin barely misses you.
Evoke which item? (* to show all) (? for menu, Esc to quit)
Aiming: Random Effects
Press: ? - help, Shift-Dir - straight line, f - hobgoblin, p - hobgoblin
Aim: a hobgoblin (severely wounded, confused)
The hobgoblin seems to speed up.
The hobgoblin hits you with a club.
* * * LOW HITPOINT WARNING * * *
The hobgoblin gestures wildly.
There is a stone staircase leading up here.
The hobgoblin hits you with a club.
You die...

##...#### ##.##.....## ###.
##.....#####.g# ###### ###
#. ###.#....##.## #.# #.
#.####.##.# #.# #.
#...##.##.# #.# ##
#......##.# #.# #......##.#
#.# #....#..#g# #.####
#....#...@# #.##..
#.........# #....#
#..).#...## ########.>###
#....##...####.........###
#....##........#######....
#....##.#......# ###...#
##.#####.#......#####...#.#
#....##..#..#......##.###..
#.รท..##>##.##.........####.


You could see 2 hobgoblins.

Vanquished Creatures
  3 worms (D:2)
  2 dart slugs
  2 ball pythons (D:1)
  3 giant cockroaches
  2 goblins
  5 hobgoblins
  2 jackals (D:2)
  13 kobolds
  A quokka (D:2)
  8 bats
  4 frilled lizards (D:1)
  6 rats
51 creatures vanquished.

Notes
Turn   | Place    | Note
-------+----------+-------------------------------------------
     0 | D:1      | NullDivider the Spriggan Artificer began the quest for the Orb.
     0 | D:1      | Reached XP level 1. HP: 9/9 MP: 4/4
   215 | D:1      | Reached skill level 1 in Fighting
   253 | D:1      | Reached XP level 2. HP: 6/14 MP: 6/6
   990 | D:1      | Reached XP level 3. HP: 17/18 MP: 7/7
  2259 | D:2      | Found a glowing golden altar of the Shining One.
  2423 | D:2      | Slain by a hobgoblin

Skill      XL: |  1  2 |
---------------+-------+-----
Fighting       | 1 |  1.8
Stealth        | 2 |  2.4
Short Blades   | 2 |  2.3
Dodging        | |  3.5
Evocations     | |  4.5

Action                   || total
-------------------------++-------
Melee: Short sword       ||   244
Evoke: Wand              ||    12
 Stab: Sleeping          ||     9
       Distracted        ||     1
       Confused          ||     1
       Paralysed         ||     1
Armor: Robe              ||    24
Dodge: Dodged            ||   206
       Deflected         ||     1
